 Dungeon Crawl Stone Soup version 0.19-a0-1697-g0595f0e (webtiles) character file.

535268 dobroeutro the Slayer (level 26, -10/159 HPs)
             Began as a Gargoyle Fighter on Sept 24, 2016.
             Was the Champion of the Shining One.
             Killed from afar by a tengu reaver (45 damage)
             ... with a fireball
             ... on level 4 of the Vaults on Sept 26, 2016.
             The game lasted 02:43:08 (51327 turns).

dobroeutro the Slayer (Gargoyle Fighter)           Turns: 51327, Time: 02:43:09

Health: -10/159    AC: 55    Str: 28    XL:     26   Next: 35%
Magic:  26/26      EV: 19    Int:  6    God:    the Shining One [******]
Gold:   4930       SH: 32    Dex: 19    Spells: 0 memorised, 25 levels left

rFire  . . .     SeeInvis +     P - +9 morningstar (flame)
rCold  + . .     Gourm    .     G - +4 plate armour "Ymussoq" {-Tele Regen+ Dex+5}
rNeg   + + +     Faith    .     y - +8 large shield {reflect}
rPois  ∞         Spirit   .     X - +2 hat {MR+}
rElec  +         Dismiss  .     v - +1 cloak of Lies {Str+2}
rCorr  .         Reflect  +     r - +0 pair of gloves
MR     +++..     Harm     .     m - +0 pair of boots
Stlth  .......... Rnd*Rage +    (no amulet) NoTele +
                                B - ring of protection from magic
                                U - ring of protection from cold

@: glowing, studying Air Magic
A: big wings, thin metallic scales 1, camouflage 1, see invisible, berserk 1,
dopey 1, frail 1, mutation resistance 1, negative energy resistance 1, shaggy
fur 1, electricity resistance, weak 1, unbreathing, petrification resistance,
rot immunity, subdued magic 2, AC +19
a: Fly, Divine Shield, Cleansing Flame, Summon Divine Warrior, Brand Weapon With
Holy Wrath, Renounce Religion
}: 2/15 runes: serpentine, barnacled


You were on level 4 of the Vaults.
You worshipped the Shining One.
The Shining One was exalted by your worship.
You were not hungry.

You visited 8 branches of the dungeon, and saw 42 of its levels.
You also visited: Sewer, Bailey, Ice Cave, Wizlab and Desolation.

You collected 5305 gold pieces.
You spent 375 gold pieces at shops.

Inventory:

Hand Weapons
 D - the +6 morningstar of Invincibility {crush, rElec rC+}
   (You took it off a tengu reaver on level 3 of the Depths)

   It inflicts extra damage upon your enemies.
   It protects you from cold.
   It insulates you from electricity.
 P - a +9 morningstar of flaming (weapon)
Armour
 e - the +1 ring mail of Vehumet's Generosity {rElec rF+}
   (You found it on level 5 of the Dungeon)

   It protects you from fire.
   It insulates you from electricity.
 m - a +0 pair of boots (worn)
 r - a +0 pair of gloves (worn)
 v - the +1 cloak of Lies (worn) {Str+2}
   (You found it on level 3 of the Depths)

   It affects your strength (+2).
 y - a +8 large shield of reflection (worn)
 z - the +8 chain mail "Tugih" {+Fly}
   (You found it on level 4 of the Shoals)

   It lets you fly.
 A - the +18 shield of the Gong {rElec rN+ MR+ EV-5}
   (You found it on level 1 of the Elven Halls)

   It affects your evasion (-5).
   It insulates you from electricity.
   It protects you from negative energy.
   It affects your resistance to hostile enchantments.
 G - the +4 plate armour "Ymussoq" (worn) {-Tele Regen+ Dex+5}
   (You found it in the Desolation of Salt)

   It affects your dexterity (+5).
   It prevents most forms of teleportation.
   It increases your rate of regeneration.
 M - a +0 scale mail of magic resistance
 X - a +2 hat of magic resistance (worn)
Jewellery
 B - a ring of protection from magic (right hand)
 N - an uncursed ring of protection from fire
 U - a ring of protection from cold (left hand)
Wands
 j - a wand of digging (3/24)
 l - a wand of lightning (4/15)
 H - a wand of acid (15/15)
 K - a wand of iceblast (4/15)
 Q - a wand of paralysis (16/24)
 T - a wand of disintegration (5/24)
 W - a wand of teleportation (1/9)
Scrolls
 c - 6 scrolls of enchant armour
 h - 7 scrolls of magic mapping
 i - 4 scrolls of blinking
 o - 9 scrolls of teleportation
 p - 6 scrolls of fear
 q - 18 scrolls of remove curse
 w - 10 scrolls of identify
 E - 5 scrolls of fog
 J - 2 scrolls of immolation
 L - 7 scrolls of recharging
 Z - 2 scrolls of enchant weapon
Potions
 b - 5 potions of agility
 d - 3 potions of might
 g - 2 potions of heal wounds
 k - 14 potions of curing
 u - 3 potions of brilliance
 x - 4 potions of resistance
 F - 2 potions of haste
 V - 3 potions of cure mutation
Books
 n - a manual of Air Magic
Comestibles
 a - 2 chunks of flesh
 f - 18 bread rations
 s - 12 beef jerkies
 t - 18 meat rations
 C - 9 slices of pizza
 I - 2 fruits


   Skills:
 + Level 21.4 Fighting
 + Level 20.5 Maces & Flails
 + Level 20.5 Armour
 + Level 16.6 Dodging
 + Level 20.2 Shields
 - Level 4.4 Evocations


You had 25 spell levels left.
You didn't know any spells.

Dungeon Overview and Level Annotations

Branches:
Dungeon (15/15)            Temple (0/1) D:6            Lair (6/6) D:10
 Shoals (4/4) Lair:3        Snake (4/4) Lair:2        Slime (0/5) Lair:6
    Orc (2/2) D:11            Elf (3/3) Orc:2        Vaults (5/5) D:14
  Crypt (0/3) Vaults:2     Depths (3/5) D:15

Altars:
Ashenzari
Makhleb
Nemelex Xobeh
Trog
Uskayaw
Xom
The Shining One
Jiyva

Shops:
D:9 *   D:10 (?[[%   Orc:2 *:*:   Elf:1 =(}(   Shoals:1 ?}   Snake:3 :
Vaults:2 [   Depths:2 *

Portals:
Hell: Lair:6 Depths:1 Depths:2 Depths:3
Abyss: Depths:1 Depths:2
Pandemonium: Depths:2 Depths:3
Trove: D:13 (show abyssal rune of Zot)


Innate Abilities, Weirdness & Mutations

You are resistant to torment.
Your stone body is resilient. (AC +19)
You are immune to poison.
Your large and strong wings let you fly indefinitely.
You resist negative energy. (rN+)
You are resistant to electric shocks. (rElec)
You can survive without breathing.
You are immune to petrification.
You are immune to rotting.
You are partially covered in thin metallic scales. (AC +2)
Your skin changes colour to match your surroundings (Stealth+).
You have supernaturally acute eyesight. (SInv)
You tend to lose your temper in combat.
You are dopey. (Int -2)
You are frail. (-10% HP)
You are somewhat resistant to further mutation.
You are covered in fur. (AC +1)
You are weak. (Str -2)
Your spells are easier to cast, but less powerful.


Message History

Unknown command.
You bludgeon the mana viper!! You burn the mana viper.
The mana viper is heavily wounded.
The mana viper changes into a hornet!
The floating eye changes into a deep troll!
You impale the hornet!! You burn the hornet.
The hornet is heavily wounded.
The hornet changes into a dream sheep!
You bludgeon the dream sheep!! You burn the dream sheep.
You kill the dream sheep!
The storm dragon breathes lightning at you.
The bolt of lightning hits you! You resist.
* * * LOW HITPOINT WARNING * * *
You cannot teleport because you are wearing the +4 plate armour "Ymussoq" {-Tele Regen+ Dex+5}.
You block the tengu reaver's attack. The tengu reaver misses you.
The tengu reaver completely misses you.
There is an open door here.
The tengu reaver points at you and mumbles some strange words.
The fireball explodes!
The fireball engulfs you!
You die...

.##.......##....# #.........
#####...#####...# #(.#####..
....#...#.......# #.........
#####...######### #.........
######'####################...###
.............#...[.......####+###
.............#...[.......'......#
..####.####..'..[[.......#.(....#
..#.......#..#Q*@..<.....#.....<#
..#.......#*.#...........#.(....#
..#..###..#C.#...........#......#
.....# #..D..#...........#....(.#
..#..###..#..#...........#....)(#
..#.......#..#....)......#....[)#
..#....C..#..#...........#....)(#
..####.####..#...........########
.............#############


You could see a tengu reaver and a battlesphere.

Vanquished Creatures
  A juggernaut (Depths:2)
  Sojobo (Vaults:3)
  Vashnia (Snake:3)
  A caustic shrike (Depths:3)
  Nikola (Shoals:1)
  Jory (Vaults:4)
  A golden dragon (Depths:3)
  Jorgrun (Elf:3)
  A Cloud Mage (WizLab)
  Asterion (Elf:1)
  2 liches
  3 tentacled monstrosities
  A deep elf master archer (Elf:3)
  2 deep elf blademasters (Elf:3)
  A quicksilver dragon (Vaults:5)
  2 krakens
  4 sphinxes
  8 tengu reavers
  A storm dragon (Vaults:4)
  Kirke (Snake:1)
  3 shadow dragons (Vaults:4)
  11 greater nagas
  6 fire giants
  Roxanne (Elf:1)
  11 frost giants
  4 deep elf sorcerers (Elf:3)
  3 imperial myrmidons (Desolation)
  Aizul (Snake:3)
  2 orc warlords (Depths:3)
  Louise (Elf:1)
  2 cacodemons
  14 vault wardens
  A balrug (Depths:2)
  6 deep elf elementalists
  13 ironheart preservers
  15 stone giants
  A war gargoyle (Vaults:4)
  20 very ugly things
  2 entropy weavers (Vaults:4)
  2 halazid warlocks (Desolation)
  3 vampire knights
  The ghost of HungrySpirit the Fencer, a journeyman MiFi of Hepliaklqana (Orc:2)
  4 deep elf demonologists (Elf:3)
  13 deep elf annihilators
  Azrael (Elf:1)
  9 ettins
  2 dire elephants (Lair:6)
  2 crystal guardians
  3 merfolk javelineers
  4 deep elf death magi (Elf:3)
  12 merfolk impalers
  7 yaktaur captains
  5 fire dragons
  4 rakshasas
  8 ragged hierophants (Desolation)
  5 deep elf high priests
  4 great orbs of eyes
  4 hydras
  22 naga warriors
  26 vault guards
  2 spriggan air magi (WizLab)
  5 ice dragons
  3 peacekeepers
  11 servants of whispers (Desolation)
  5 merfolk avatars
  7 anacondas
  6 centaur warriors
  23 dancing weapons
  A satyr (Shoals:2)
  7 merfolk aquamancers
  An alligator snapping turtle (Shoals:4)
  10 ogre magi
  22 death yaks
  9 deep troll earth magi
  11 deep troll shamans
  6 tengu warriors (Depths:1)
  An orc high priest (Depths:3)
  2 spriggan berserkers
  20 naga sharpshooters
  3 sun demons
  A small abomination (Elf:3)
  12 shock serpents
  The ghost of ReniFell the Basher, a novice GrFi of Okawaru (Bailey)
  A shadow wraith (Vaults:4)
  6 salamander mystics
  7 hell knights (Depths:2)
  17 deep elf knights
  9 skeletal warriors
  17 sea snakes
  2 sixfirhies
  6 glowing orange brains
  An iron troll (Depths:3)
  15 deep trolls
  9 naga ritualists
  An infernal demonspawn (Depths:3)
  A gelid demonspawn (Depths:3)
  An unseen horror (D:11)
  2 flayed ghosts
  3 hill giants
  A kraken simulacrum (Shoals:4)
  4 wizards
  5 phantasmal warriors
  16 ironbrand convokers
  7 deep elf archers
  16 harpies
  3 necromancers
  12 orc knights
  2 wolf spider zombies (D:15)
  3 orc sorcerers
  70 deep elf magi
  13 mana vipers
  51 ugly things
  2 wolf spiders
  14 cyclopes
  22 salamanders
  16 fauns
  2 hornets
  12 manticores
  11 elephants
  19 guardian serpents
  27 black mambas
  2 centaur zombies
  16 naga magi
  3 ice statues
  11 sirens
  8 water nymphs
  20 vault sentinels
  2 guardian serpents (shapeshifter)
  A smoke demon (Lair:6)
  A rust devil (Depths:2)
  8 spiny frogs
  Joseph (D:9)
  A spiny frog (shapeshifter) (Vaults:2)
  3 gargoyles
  A torpor snail (Lair:5)
  2 orange demons (Lair:6)
  A yaktaur (shapeshifter) (Vaults:4)
  3 rime drakes
  14 komodo dragons
  A komodo dragon (shapeshifter) (Vaults:3)
  11 ice devils
  20 yaktaurs
  3 freezing wraiths
  3 red devils (Lair:6)
  2 trolls
  15 wind drakes
  Grinder (D:5)
  47 saltlings
  19 two-headed ogres
  31 merfolk
  4 slime creatures
  A stone giant simulacrum (Vaults:1)
  A hornet zombie (D:15)
  14 hippogriffs
  18 blink frogs
  5 snapping turtles
  A dream sheep (shapeshifter) (Vaults:4)
  21 dream sheep
  3 wraiths (D:15)
  Sigmund (D:4)
  A centaur simulacrum (D:15)
  42 air elementals
  2 wyverns
  25 water elementals
  A redback (Vaults:4)
  49 yaks
  3 vampires (Vaults:2)
  A shadow (D:14)
  2 hogs (shapeshifter)
  A human (D:11)
  3 basilisks
  2 fire elementals
  A hog (Snake:1)
  6 vampire mosquitoes
  2 hungry ghosts
  A redback simulacrum (D:15)
  3 mottled dragons
  2 chaos spawn
  65 nagas
  A warg (Orc:2)
  A soldier ant (D:13)
  8 insubstantial wisps (WizLab)
  6 water moccasins
  5 hell hounds (Elf:1)
  8 porcupines
  52 orc warriors
  A phantom (D:9)
  An ettin simulacrum (Vaults:1)
  31 ice beasts
  3 black bears
  47 ogres
  13 boggarts
  4 sky beasts
  22 centaurs
  A centaur (shapeshifter) (Depths:3)
  An eye of draining (shapeshifter) (D:15)
  7 wolves
  13 crocodiles
  6 big kobolds
  15 bullfrogs
  Blork the orc (D:4)
  A wyvern zombie (D:9)
  4 earth elementals
  A water moccasin zombie (D:9)
  A wyvern skeleton (D:14)
  7 scorpions
  16 killer bees
  8 wights
  4 howler monkeys
  7 electric eels
  5 crimson imps
  A draconian simulacrum (IceCv)
  2 quasits
  A wasp zombie (D:8)
  A bullfrog zombie (D:12)
  5 hounds
  2 jellies
  6 orc priests
  A bullfrog skeleton (D:9)
  4 centaur skeletons
  15 orc wizards
  5 iguanas
  4 hell rats (Lair:5)
  5 worker ants
  3 troll simulacra (IceCv)
  A spriggan simulacrum (IceCv)
  4 hound skeletons
  A howler monkey skeleton (D:7)
  13 adders
  3 gnolls (D:12)
  3 ogre simulacra (IceCv)
  40 river rats
  2 naga simulacra (IceCv)
  6 shadow imps
  2 oozes
  An adder zombie (D:6)
  A worm (D:4)
  2 dart slugs
  6 leopard geckos
  119 orcs
  6 bats
  8 giant cockroaches
  6 hobgoblins
  14 jackals
  36 kobolds
  7 quokkas
  A ball python (D:6)
  3 frilled lizards
  12 goblins
  A jackal skeleton (D:5)
  A jackal zombie (D:6)
  A leopard gecko skeleton (D:4)
  23 rats
  6 tentacles
2105 creatures vanquished.

Vanquished Creatures (others)
  A deep elf master archer (Elf:3)
  An ironheart preserver (Vaults:4)
  2 stone giants
  4 merfolk javelineers
  2 yaktaur captains
  A dancing weapon (Elf:3)
  3 satyrs (Shoals:4)
  4 deep elf archers
  3 deep elf magi
  8 yaktaurs
  A meliai (shapeshifter) (Vaults:3)
  2 wind drakes
  A hippogriff (Shoals:1)
  3 humans (Snake:1)
  2 insubstantial wisps (WizLab)
  A naga (Snake:4)
  2 ogres (Vaults:2)
  A boggart (Depths:1)
  11 fungi
  20 plants
  20 tentacles
93 creatures vanquished.

Grand Total: 2198 creatures vanquished

Notes
Turn   | Place    | Note
-------+----------+-------------------------------------------
     0 | D:1      | dobroeutro the Gargoyle Fighter began the quest for the Orb.
     0 | D:1      | Reached XP level 1. HP: 14/14 MP: 1/1
     3 | D:1      | Noticed an electric eel
     3 | D:1      | Noticed an electric eel
    68 | D:1      | Reached XP level 2. HP: 1/19 MP: 2/2
   620 | D:1      | Reached XP level 3. HP: 23/23 MP: 3/3
  1186 | D:2      | Reached XP level 4. HP: 29/29 MP: 4/4
  1207 | D:2      | Reached skill level 1 in Dodging
  1237 | D:2      | Found a glowing golden altar of the Shining One.
  1237 | D:2      | Found a hide-covered altar of Uskayaw.
  1532 | D:2      | Became a worshipper of the Shining One
  1669 | D:3      | Noticed a bullfrog
  1694 | D:3      | Killed a bullfrog
  1694 | D:3      | Reached skill level 4 in Fighting
  1694 | D:3      | Reached XP level 5. HP: 21/33 MP: 5/5
  2215 | D:4      | Reached XP level 6. HP: 27/38 MP: 6/6
  2368 | D:4      | Noticed Sigmund
  2375 | D:4      | Killed Sigmund
  2426 | D:4      | Noticed Blork the orc
  2443 | D:4      | Killed Blork the orc
  2443 | D:4      | Reached XP level 7. HP: 11/44 MP: 7/7
  2697 | D:4      | Found a bloodstained altar of Trog.
  3032 | D:5      | Entered Level 5 of the Dungeon
  3039 | D:5      | Noticed Grinder
  3124 | D:5      | Reached * piety under the Shining One
  3124 | D:5      | Reached skill level 5 in Maces & Flails
  3271 | D:5      | Found a shimmering altar of Xom.
  3390 | D:5      | Found a glowing drain.
  3394 | Sewer    | Entered a sewer
  3454 | Sewer    | Reached skill level 5 in Fighting
  3454 | Sewer    | Reached skill level 5 in Shields
  3498 | Sewer    | Found a white marble altar of Elyvilon.
  3563 | D:5      | Reached XP level 8. HP: 49/49 MP: 8/8
  3794 | D:5      | Reached skill level 5 in Armour
  3925 | D:5      | Killed Grinder
  3927 | D:5      | Got a diamond-encrusted ring mail
  3938 | D:5      | Identified the +1 ring mail of Vehumet's Generosity {rElec rF+} (You found it on level 5 of the Dungeon)
  4126 | D:6      | Found a staircase to the Ecumenical Temple.
  4331 | D:6      | Reached skill level 6 in Fighting
  4831 | D:6      | Reached ** piety under the Shining One
  4907 | D:7      | Reached XP level 9. HP: 38/56 MP: 9/9
  5165 | D:7      | Reached skill level 7 in Fighting
  5265 | D:7      | Gained mutation: Your body sometimes deteriorates upon taking damage. [mutagenic meat]
  5268 | D:7      | Gained mutation: Your spells are a little easier to cast, but a little less powerful. [mutagenic meat]
  5271 | D:7      | Gained mutation: Your mind is acute. (Int +2) [mutagenic meat]
  5274 | D:7      | Gained mutation: You are partially covered in thin metallic scales. (AC +2) [mutagenic meat]
  5756 | D:7      | Reached skill level 8 in Fighting
  6057 | D:8      | Reached skill level 10 in Maces & Flails
  6199 | D:8      | Reached *** piety under the Shining One
  6320 | D:8      | Reached XP level 10. HP: 65/65 MP: 10/10
  6402 | D:8      | Noticed a gargoyle
  6417 | D:8      | Killed a gargoyle
  6795 | D:9      | Found Onidif's General Store.
  6825 | D:9      | Noticed Joseph
  6940 | D:9      | Killed Joseph
  7159 | D:9      | Reached skill level 9 in Fighting
  7174 | D:9      | Found a sparkling altar of Nemelex Xobeh.
  7631 | D:9      | Found a shattered altar of Ashenzari.
  7899 | D:9      | Reached XP level 11. HP: 44/71 MP: 11/11
  7971 | D:10     | Entered Level 10 of the Dungeon
  7971 | D:10     | Found Vusmu's Magic Scroll Boutique.
  7986 | D:10     | Reached **** piety under the Shining One
  8022 | D:10     | Found Etaqun's Weapon Boutique.
  8099 | D:10     | Found a staircase to the Lair.
  8114 | D:10     | Found Xoxis's Antique Armour Shop.
  8118 | D:10     | Bought an encrusted large shield for 190 gold pieces
  8128 | D:10     | Identified the cursed +0 large shield of Pride {Dex+4} (You bought it in a shop on level 10 of the Dungeon)
  8128 | D:10     | Bought a runed scale mail for 80 gold pieces
  8241 | D:10     | Noticed a hill giant
  8248 | D:10     | Killed a hill giant
  8256 | D:10     | Found Pianiel's Food Shop.
  8285 | D:10     | Found Unwimeb's Armour Shop.
  8737 | D:11     | Reached skill level 10 in Fighting
  8956 | D:11     | Noticed a hill giant
  8963 | D:11     | Killed a hill giant
  8963 | D:11     | Reached skill level 5 in Dodging
  9140 | D:11     | Found a glowing golden altar of the Shining One.
  9148 | D:11     | Noticed a white ugly thing
  9160 | D:11     | The Shining One protects you from harm!
  9414 | D:11     | Noticed an unseen horror
  9426 | D:11     | Killed an unseen horror
  9489 | D:11     | Noticed a deep elf mage
  9495 | D:11     | Killed a deep elf mage
  9688 | D:11     | Found a staircase to the Orcish Mines.
  9703 | D:11     | Gained mutation: You have supernaturally acute eyesight. (SInv) [mutagenic meat]
  9706 | D:11     | Gained mutation: Your skin changes colour to match your surroundings (Stealth+). [mutagenic meat]
  9709 | D:11     | Gained mutation: You are covered in fur. (AC +1) [mutagenic meat]
  9715 | D:11     | Gained mutation: You are partially covered in icy blue scales. (AC +2) [mutagenic meat]
  9801 | Lair:1   | Entered Level 1 of the Lair of Beasts
  9990 | Lair:1   | Reached XP level 12. HP: 73/79 MP: 12/12
 10431 | Lair:1   | Got a crude plate armour
 10442 | Lair:1   | Identified the +3 plate armour "Epnatedgh" {Dex+3} (You found it on level 1 of the Lair of Beasts)
 10528 | Lair:1   | Reached skill level 11 in Fighting
 11045 | Lair:2   | Found a staircase to the Snake Pit.
 11478 | Lair:2   | Noticed a five-headed hydra
 11478 | Lair:2   | Reached ***** piety under the Shining One
 11485 | Lair:2   | Killed a five-headed hydra
 12006 | Lair:3   | Found a staircase to the Shoals.
 12026 | Lair:3   | Reached XP level 13. HP: 69/85 MP: 13/13
 12602 | Lair:4   | Reached skill level 12 in Fighting
 12635 | Lair:4   | Reached skill level 10 in Shields
 13485 | Lair:5   | Found a frozen archway.
 13498 | IceCv    | Entered an ice cave
 13528 | IceCv    | Reached skill level 10 in Armour
 14746 | Lair:6   | Entered Level 6 of the Lair of Beasts
 14767 | Lair:5   | Gained mutation: Your large and strong wings let you fly indefinitely. [Gargoyle growth]
 14767 | Lair:5   | Reached XP level 14. HP: 91/92 MP: 14/14
 15064 | Lair:6   | Found a staircase to the Slime Pits.
 15064 | Lair:6   | Found a viscous altar of Jiyva.
 15103 | Lair:6   | Reached skill level 13 in Fighting
 15132 | Lair:6   | Identified a scroll of acquirement
 15375 | Lair:6   | Reached ****** piety under the Shining One
 15377 | Lair:6   | Noticed a dire elephant
 15390 | Lair:6   | Killed a dire elephant
 15698 | Lair:6   | Noticed a dire elephant
 15716 | Lair:6   | Killed a dire elephant
 15752 | Lair:6   | Found a burning altar of Makhleb.
 15782 | Lair:6   | Reached XP level 15. HP: 82/99 MP: 15/15
 15812 | Lair:6   | Found a gateway to Hell.
 16623 | D:9      | Noticed a frost giant
 16635 | D:9      | Killed a frost giant
 17459 | D:11     | Gained mutation: You can translocate small distances at will. [mutagenic meat]
 17676 | D:12     | Found a flagged portal.
 17702 | Bailey   | Entered a bailey
 17915 | Bailey   | Noticed ReniFell's ghost (novice GrFi)
 17931 | Bailey   | Killed ReniFell's ghost
 18013 | Bailey   | Found a roughly hewn altar of Beogh.
 18820 | D:13     | Found a portal to a secret trove of treasure.
 19460 | D:13     | Gained mutation: You are agile. (Dex +2) [mutagenic meat]
 19562 | Orc:1    | Entered Level 1 of the Orcish Mines
 19696 | Orc:2    | Entered Level 2 of the Orcish Mines
 19699 | Orc:2    | Found a staircase to the Elven Halls.
 20288 | Orc:2    | Noticed HungrySpirit's ghost (journeyman MiFi)
 20317 | Orc:2    | Killed HungrySpirit's ghost
 20330 | Orc:2    | Found Kocwofaw's General Store.
 20330 | Orc:2    | Found Zecin's Book Shop.
 20330 | Orc:2    | Found Jial's Assorted Antiques.
 20519 | Orc:2    | Found Watoxobi's Book Emporium.
 20906 | D:14     | Found a gate to the Vaults.
 20924 | D:14     | Reached skill level 14 in Fighting
 21020 | D:14     | Gained mutation: You tend to lose your temper in combat. [mutagenic meat]
 21124 | D:14     | Lost mutation: You are agile. (Dex +2) [mutagenic meat]
 21127 | D:14     | Gained mutation: You are somewhat resistant to further mutation. [mutagenic meat]
 21145 | D:14     | Gained mutation: You have a pair of small antennae on your head. [potion of mutation]
 21524 | D:15     | Entered Level 15 of the Dungeon
 21691 | D:15     | Reached skill level 10 in Dodging
 21725 | D:15     | Gained mutation: You are robust. (+10% HP) [mutagenic meat]
 21878 | D:15     | Reached XP level 16. HP: 109/116 MP: 16/16
 21898 | D:15     | Found a staircase to the Depths.
 22165 | D:15     | Gained mutation: Your spells are easier to cast, but less powerful. [mutagenic meat]
 22446 | Snake:1  | Entered Level 1 of the Snake Pit
 22490 | Snake:1  | Noticed Kirke
 22498 | Snake:1  | Killed Kirke
 23104 | Snake:2  | Reached skill level 15 in Maces & Flails
 24013 | Snake:2  | Noticed a greater naga
 24028 | Snake:2  | Killed a greater naga
 24098 | Snake:2  | Reached skill level 15 in Fighting
 24861 | Snake:3  | Noticed Vashnia
 24916 | Snake:3  | Killed Vashnia
 24916 | Snake:3  | Reached XP level 17. HP: 50/124 MP: 17/17
 25213 | Snake:3  | Found Qyut's Book Shop.
 25229 | Snake:3  | Noticed Aizul
 25243 | Snake:3  | Killed Aizul
 26257 | Snake:4  | Entered Level 4 of the Snake Pit
 26990 | Snake:4  | Reached XP level 18. HP: 24/132 MP: 18/18
 27296 | Snake:4  | Reached skill level 16 in Fighting
 27927 | Snake:4  | Reached skill level 15 in Armour
 28105 | Snake:4  | Reached skill level 15 in Shields
 28541 | Snake:4  | Got a serpentine rune of Zot
 28733 | Shoals:1 | Entered Level 1 of the Shoals
 28772 | Shoals:1 | Noticed Nikola
 28797 | Shoals:1 | Killed Nikola
 28942 | Shoals:1 | Found Mecweob's Gadget Boutique.
 29338 | Shoals:1 | Found Tysyrach's Magic Scroll Shoppe.
 29350 | Shoals:1 | Bought a scroll of blinking for 105 gold pieces
 29642 | Shoals:2 | Reached skill level 1 in Evocations
 29989 | Shoals:2 | Reached XP level 19. HP: 130/139 MP: 20/20
 31232 | Shoals:4 | Entered Level 4 of the Shoals
 31279 | Shoals:4 | Got a faintly glowing platinum ring
 31281 | Shoals:4 | Identified the ring "Lorasmij" {-Tele Str+2 Slay+2 Stlth+} (You found it on level 4 of the Shoals)
 31333 | Shoals:4 | Reached skill level 17 in Fighting
 31687 | Shoals:4 | Got a translucent chain mail
 31698 | Shoals:4 | Identified the +8 chain mail "Tugih" {+Fly} (You found it on level 4 of the Shoals)
 32809 | Shoals:4 | Got a barnacled rune of Zot
 33069 | Lair:3   | Upgraded the game from 0.19-a0-1682-g5114f93 to 0.19-a0-1697-g0595f0e
 33221 | Elf:1    | Entered Level 1 of the Elven Halls
 33337 | Elf:1    | Reached XP level 20. HP: 147/147 MP: 23/23
 33352 | Elf:1    | Got a faintly glowing lead ring
 33374 | Elf:1    | Noticed Asterion
 33394 | Elf:1    | Killed Asterion
 33401 | Elf:1    | Noticed Louise
 33415 | Elf:1    | Noticed Roxanne
 33423 | Elf:1    | Killed Louise
 33436 | Elf:1    | Identified the ring of the Imp {*Tele rPois rC+} (You found it on level 1 of the Elven Halls)
 33604 | Elf:1    | Killed Roxanne
 33606 | Elf:1    | Identified Roxanne's Collected Works on Clay (You took it off Roxanne on level 1 of the Elven Halls)
 33914 | Elf:1    | Noticed Azrael
 33932 | Elf:1    | Killed Azrael
 34045 | Elf:1    | Found Pyruh Xasov's Antique Weapon Boutique.
 34046 | Elf:1    | Found Ibloal's Gadget Boutique.
 34046 | Elf:1    | Found Naiweexe's Weapon Shop.
 34055 | Elf:1    | Found Ysepnanu's Jewellery Shop.
 34454 | Elf:2    | Found a flickering gateway to a bazaar.
 34720 | Elf:2    | Found a runed gate.
 34728 | Elf:2    | Found a runed gate.
 34728 | Elf:2    | Found a runed gate.
 35510 | Elf:3    | Entered Level 3 of the Elven Halls
 35599 | Elf:3    | Found a magical portal.
 35608 | WizLab   | Entered The Chambers of the Cloud Mage
 35809 | WizLab   | Noticed Voevor
 35832 | WizLab   | Killed Voevor the Cloud Mage
 35832 | WizLab   | Reached skill level 18 in Fighting
 36166 | WizLab   | Identified Sif Muna's Volume of Flight
 36418 | Elf:3    | Noticed Jorgrun
 36434 | Elf:3    | Killed Jorgrun
 36460 | Elf:3    | Gained mutation: Your muscles are strong. (Str +2) [potion of beneficial mutation]
 36845 | Elf:3    | Reached XP level 21. HP: 110/155 MP: 18/24
 37707 | Elf:3    | Got a brightly glowing glass ring
 38199 | Elf:3    | Identified the ring of Weofodom {+Fly Dex+5} (You found it on level 3 of the Elven Halls)
 38217 | Elf:3    | Reached XP level 22. HP: 162/162 MP: 25/25
 38359 | Elf:3    | Got a transparent chain mail
 38370 | Elf:3    | Identified the +3 chain mail of Fouhipn {+Inv} (You found it on level 3 of the Elven Halls)
 38415 | Elf:3    | Identified the Compendium of Burning Confrontation
 38723 | Depths:1 | Entered Level 1 of the Depths
 38884 | Depths:1 | Found a one-way gate to the infinite horrors of the Abyss.
 39443 | Depths:1 | Got a pitted silver ring
 39445 | Depths:1 | Identified the ring "Kuodghygg" {Ice rElec Dex+2} (You found it on level 1 of the Depths)
 40337 | Depths:2 | Lost mutation: Your mind is acute. (Int +2) [mutagenic meat]
 40366 | Depths:2 | Found Plog's General Store.
 40447 | Depths:2 | Reached XP level 23. HP: 63/168 MP: 26/26
 40526 | Depths:2 | Lost mutation: You are partially covered in icy blue scales. (AC +2) [mutagenic meat]
 40550 | Depths:2 | Lost mutation: You can translocate small distances at will. [mutagenic meat]
 40565 | Depths:2 | Lost mutation: Your spells are easier to cast, but less powerful. [mutagenic meat]
 40568 | Depths:2 | Gained mutation: You are dopey. (Int -2) [mutagenic meat]
 40601 | Depths:2 | Lost mutation: You are robust. (+10% HP) [mutagenic meat]
 40604 | Depths:2 | Gained mutation: You are frail. (-10% HP) [mutagenic meat]
 40619 | Depths:2 | Reached skill level 19 in Fighting
 40834 | Depths:2 | Noticed a juggernaut
 41223 | Depths:2 | Noticed a juggernaut
 41260 | Depths:2 | Killed a juggernaut
 41332 | Depths:2 | Lost mutation: Your muscles are strong. (Str +2) [mutagenic meat]
 41607 | Depths:2 | Found a one-way gate leading to the halls of Pandemonium.
 41801 | Depths:2 | Identified Sif Muna's Further Progress in Witchcraft
 42711 | Depths:2 | Lost mutation: Your body sometimes deteriorates upon taking damage. [mutagenic meat]
 42717 | Depths:2 | Lost mutation: You have a pair of small antennae on your head. [mutagenic meat]
 42730 | Depths:2 | Gained mutation: Potions and wands are less effective at restoring your health. [mutagenic meat]
 42752 | Depths:3 | Reached skill level 15 in Dodging
 42991 | Depths:3 | Noticed a juggernaut
 43242 | Depths:3 | Noticed a golden dragon
 43427 | Depths:3 | Got a smoking morningstar {crush}
 43432 | Depths:3 | Identified the +6 morningstar of Invincibility {crush, rElec rC+} (You took it off a tengu reaver on level 3 of the Depths)
 43707 | Depths:3 | Noticed a caustic shrike
 43709 | Depths:3 | Reached XP level 24. HP: 97/145 MP: 26/26
 44221 | Depths:3 | Killed a caustic shrike
 44281 | Depths:3 | Identified the Guide on Shifting Evil Rituals
 44291 | Depths:3 | Got a jewelled cloak
 44297 | Depths:3 | Identified the +1 cloak of Lies {Str+2} (You found it on level 3 of the Depths)
 44549 | Vaults:1 | Entered Level 1 of the Vaults
 44751 | Vaults:1 | Lost mutation: Potions and wands are less effective at restoring your health. [mutagenic meat]
 45002 | Vaults:1 | Found a ruined gateway.
 45066 | Desolati | Entered the Desolation of Salt
 45098 | Desolati | Reached skill level 20 in Fighting
 45132 | Desolati | Got a twisted morningstar {venom}
 45133 | Desolati | Identified the cursed +3 morningstar "Killer Bee's Regret" {venom, Str+2 Int+4 Dex+8} (You took it off an imperial myrmidon in the Desolation of Salt)
 45439 | Desolati | Got an ancient marble ring
 45440 | Desolati | Identified the ring of Trepidation {*Slow +Blink MP+9 Str+4} (You found it in the Desolation of Salt)
 45443 | Desolati | Got a pitted plate armour
 45454 | Desolati | Identified the +4 plate armour "Ymussoq" {-Tele Regen+ Dex+5} (You found it in the Desolation of Salt)
 46816 | Vaults:2 | Found a staircase to the Crypt.
 46968 | Vaults:2 | Gained mutation: Your muscles are strong. (Str +2) [mutagenic meat]
 47075 | Vaults:2 | Gained mutation: Your spells are easier to cast, but less powerful. [mutagenic meat]
 47128 | Vaults:2 | Found Qiffigimug's Armour Boutique.
 47390 | Vaults:2 | Reached XP level 25. HP: 152/152 MP: 26/26
 48474 | Vaults:3 | Lost mutation: Your muscles are strong. (Str +2) [mutagenic meat]
 49139 | Vaults:4 | Noticed Sojobo
 49170 | Vaults:3 | Killed Sojobo
 49770 | Vaults:4 | Noticed Jory
 49781 | Vaults:4 | Killed Jory
 50232 | Vaults:4 | Gained mutation: You are weak. (Str -2) [potion of mutation]
 50546 | Vaults:4 | Reached skill level 21 in Fighting
 50640 | Vaults:5 | Entered Level 5 of the Vaults
 50797 | Vaults:5 | Reached XP level 26. HP: 159/159 MP: 26/26
 51327 | Vaults:4 | Killed from afar by a tengu reaver

Vault maps used:
D:1:      arrival_aquarium_b
D:2:      gammafunk_temple_overflow_wave
D:4:      lemuel_round_altar, first_bread, uniq_blork_the_orc, uniq_sigmund
D:5:      portal_sewer_entry_e, basic_altar, uniq_grinder
D:8:      cheibrodos_quashed, nicolae_benzene_ring
D:9:      minmay_twisted_water, lemuel_coloured_pillars_altar,
          nemelex_xobeh_ov_fountains_minmay, serial_shops, kennysheep_mini_moat,
          uniq_joseph
D:10:     lair_0_dummy, serial_shops, kennysheep_mini, kennysheep_little_box,
          shop, nicolae_shop_stone, shop
D:11:     hiddenorc1_lemuel, hangedman_stone_soup, tso_altar
D:12:     lightli_bailey_entry_fortress
D:13:     special_room, enter_trove_2
D:14:     david_vaults_5, hangedman_abyss_or_decor_stagger,
          kennysheep_generic_room_10
D:15:     grunt_enter_depths_magical_seal, minivault_19
Lair:2:   dummy_snake_entry, grunt_megastairs_4, serial_bayou_shore_a,
          infiniplex_staircase_pool
Lair:3:   minmay_shoals_entry_beasts, beast_lair_carwin_3
Lair:4:   infiniplex_staircase_pool_2
Lair:5:   kennysheep_abandoned_house, portal_ice_cave_entry_pillars_1
Lair:6:   evil_forest, slime_altar_1, lemuel_fruit_tree, grunt_megastairs_2
Shoals:1: serial_shops, shop_fountains, shop, uniq_nikola
Shoals:3: cheibrodos_shoals_roost
Shoals:4: shoals_end_grunt_ice, shoals_ilsuiw_alternative
Snake:1:  uniq_kirke
Snake:2:  grunt_ministairs_6
Snake:3:  serial_shops, shop, nrook_guardian_serpent_double, uniq_aizul,
          uniq_vashnia
Snake:4:  johnstein_snake_rune_scales
Orc:1:    basic_altar
Orc:2:    st_orc_rangers
Elf:1:    minmay_elf_arrival_summoners, kennysheep_underground_church,
          minmay_shoptagon, uniq_roxanne, uniq_asterion, uniq_azrael,
          uniq_louise
Elf:2:    serial_shops, bzr_entry_safe, spider_trap, st_stairs_4
Elf:3:    elf_hall, mu_enter_wizlab_3, uniq_jorgrun
Vaults:1: nicolae_vaults_border_crossing, nicolae_vaults_what_the_h,
          nicolae_vaults_angled_halls, vaults_room_semicircle, vaults_mumra_hex,
          portal_desolation_entry_salt
Vaults:2: dpeg_vaults_waves, grunt_vaults_twisty, vaults_dpeg_diagonal,
          minmay_crypt_entry_vampire_xt, v_rooms_1,
          nicolae_vaults_sealed_display, v_alt_pattern_2,
          dpeg_vaults_monster_row, vaults_mumra_chevron, serial_shops, shop
Vaults:3: nicolae_vaults_network_square, ontoclasm_vaults_ligature,
          vaults_room_octagon, nicolae_vaults_mini_display_case, v_pattern_5,
          v_misc_10
Vaults:4: v_misc_28, nicolae_vaults_arrows, v_rooms_6, v_alt_pattern_4,
          v_rooms_6, nicolae_vaults_shelves_hall, v_misc_32,
          nicolae_vaults_little_ls, grunt_vaults_funnel,
          nicolae_vaults_little_squares_6, vaults_dpeg_hooks,
          vaults_room_stairs_pillars, grunt_vaults_focal,
          ontoclasm_vaults_loading_screen, ontoclasm_vaults_ring_large,
          uniq_sojobo, uniq_jory
Vaults:5: uniq_boris, uniq_xtahua
Depths:1: abyss_entry, hell_entry, minmay_misc_feat_room,
          hangedman_decor_slide_cut, grunt_decor_cap, hangedman_aviary
Depths:2: kennysheep_water_balloons, lightli_too_deep,
          abyss_entry_small_statue_room, rand_demon_pan_entry_1, serial_shops,
          shop_statue, onia_ninara_dug_in_and_dangerous, grunt_megastairs_3
Depths:3: minmay_broken_ring, hell_entry, rand_demon_pan_entry_3,
          minmay_misc_feat_pillars, minmay_orc_keep
Sewer:    sewer_kobolds
Bailey:   bailey_polearm_2, bailey
IceCv:    ice_cave_tombish
WizLab:   wizlab_cloud

Skill      XL: |  1  2  3  4  5  6  7  8  9 10 11 12 13 14 15 16 17 18 19 20 21 22 23 24 25 |
---------------+----------------------------------------------------------------------------+-----
Maces & Flails | 3 4 5 7 10 11 12 13 14 15 16 17 18 19 20 | 20.5
Dodging        | 1 2 3 4 5 6 8 9 10 11 12 13 14 15 16 | 16.6
Fighting       | 4 5 6 8 9 10 11 12 13 14 15 16 17 18 19 20 21 | 21.4
Armour         | 4 5 6 7 9 10 11 12 13 14 15 16 17 18 19 20 | 20.5
Shields        | 4 5 6 8 9 10 12 13 14 15 16 17 18 19 20 | 20.2
Evocations     | 1 4 |  4.4

Action                   |  1- 3 |  4- 6 |  7- 9 | 10-12 | 13-15 | 16-18 | 19-21 | 22-24 | 25-27 || total
-------------------------+-------+-------+-------+-------+-------+-------+-------+-------+-------++-------
Melee: Flail             |   124 |   189 |   387 |   354 |       |       |       |       |       ||  1054
       Morningstar       |       |       |       |   362 |  1529 |  1433 |  1381 |  1647 |   790 ||  7142
Invok: Divine Shield     |       |       |       |       |     2 |       |       |       |       ||     2
       Cleansing Flame   |       |       |       |       |       |       |     2 |       |       ||     2
 Abil: Fly               |       |       |       |       |     1 |       |     1 |       |       ||     2
       Blink             |       |       |       |       |       |       |     2 |       |       ||     2
       Stop Flying       |       |       |       |       |       |       |     1 |       |     1 ||     2
Evoke: Wand              |       |       |       |       |       |     1 |       |       |       ||     1
  Use: Scroll            |       |       |    13 |    11 |    14 |    14 |    13 |     9 |     2 ||    76
       Potion            |       |       |     1 |     1 |     6 |     6 |     5 |       |     4 ||    23
 Stab: Distracted        |       |       |       |       |       |     1 |       |       |       ||     1
  Eat: Chunk             |     1 |     5 |    15 |    22 |    37 |    19 |    19 |   111 |    34 ||   263
       Bread ration      |       |       |     1 |     1 |       |       |     1 |     2 |       ||     5
       Meat ration       |       |       |       |       |     1 |       |     2 |       |       ||     3
       Fruit             |       |       |       |       |     8 |    16 |     2 |     1 |       ||    27
       Pizza             |       |       |       |       |     1 |       |     1 |       |       ||     2
       Royal jelly       |       |       |       |       |       |     3 |       |       |       ||     3
       Beef jerky        |       |       |       |       |       |       |       |     2 |     1 ||     3
Armor: Scale mail        |    75 |   118 |    80 |    83 |       |       |       |       |       ||   356
       Ring mail         |       |       |   129 |   116 |       |       |       |       |       ||   245
       Plate armour      |       |       |       |   128 |   572 |   610 |   169 |    26 |   382 ||  1887
       Chain mail        |       |       |       |       |       |       |   395 |   468 |       ||   863
Dodge: Dodged            |    39 |    78 |   149 |   219 |   476 |   465 |   391 |   483 |   353 ||  2653
Block: Shield            |    82 |   118 |   269 |   141 |       |       |       |       |       ||   610
       Large shield      |       |       |       |   466 |  1491 |  1558 |  1799 |  2230 |  1159 ||  8703
       Reflection        |       |       |       |       |       |       |    99 |    94 |    69 ||   262
